 Dungeon Crawl Stone Soup version 0.26-a0-707-g31817bcca1 (webtiles) character file.

Game seed: 8901782848503309833

5062 funnypoop the Quickloader (level 10, -11/66 HPs)
             Began as a Kobold Hunter on Oct 26, 2020.
             Killed from afar by a rime drake (33 damage)
             ... with a flash freeze
             ... on level 11 of the Dungeon.
             The game lasted 00:27:27 (9854 turns).

funnypoop the Quickloader (Kobold Hunter)           Turns: 9854, Time: 00:27:27

Health: -11/66     AC:  9    Str:  9    XL:     10   Next: 86%
Magic:  10/10      EV: 19    Int: 12    God:
Gold:   346        SH:  0    Dex: 23    Spells: 9/9 levels left

rFire    . . .     SeeInvis .   a - +4 hand crossbow
rCold    . . .     Faith    .   (shield restricted)
rNeg     . . .     Spirit   .   J - +0 leather armour of Least Resistance {Dex+3}
rPois    .         Reflect  .   (no helmet)
rElec    .         Harm     .   (no cloak)
rCorr    .         Rampage  .   c - +0 pair of gloves
MR       .....                  L - +0 pair of boots
Stlth    ++++......             (no amulet)
HPRegen  0.21/turn              m - +4 ring of protection
MPRegen  0.12/turn              o - +4 ring of slaying

@: studying 2 skills, lightly drained
A: small, nightstalker 3
a: no special abilities


You were on level 11 of the Dungeon.
You visited 2 branches of the dungeon, and saw 11 of its levels.
You also visited: Ossuary.

You collected 555 gold pieces.
You spent 209 gold pieces at shops.

Inventory:

Hand Weapons
 a - a +4 hand crossbow (weapon)
 b - a +0 short sword
Missiles
 d - 81 bolts (quivered)
Armour
 c - a +0 pair of gloves (worn)
 J - the +0 leather armour of Least Resistance (worn) {Dex+3}
   (You found it on level 6 of the Dungeon)

   It affects your dexterity (+3).
 L - a +0 pair of boots (worn)
Jewellery
 m - a +4 ring of protection (left hand)
 o - a +4 ring of slaying (right hand)
 C - an uncursed ring of magical power
 K - an uncursed ring of resist corrosion
 N - an uncursed ring of positive energy
 O - an uncursed ring of fire
Wands
 g - a wand of paralysis (8)
 G - a wand of random effects (12)
 M - a wand of disintegration (10)
 R - a wand of polymorph (5)
Scrolls
 f - 2 scrolls of fog
 h - 9 scrolls of identify
 l - 4 scrolls of remove curse
 p - 4 scrolls of teleportation
 t - 2 scrolls of enchant armour {unknown}
 u - a scroll of blinking
 y - 4 scrolls of amnesia {unknown}
 D - a scroll of immolation {unknown}
 F - 3 scrolls of magic mapping {unknown}
 H - a scroll of holy word {unknown}
 P - a scroll of acquirement {unknown}
 Q - a scroll of random uselessness {unknown}
Potions
 e - a potion of cancellation {unknown}
 i - 2 potions of invisibility {unknown}
 j - 5 potions of flight {unknown}
 k - 3 potions of degeneration {unknown}
 n - 4 potions of heal wounds {unknown}
 q - a potion of might {unknown}
 r - a potion of stabbing {unknown}
 v - 4 potions of curing {unknown}
 x - 2 potions of lignification {unknown}
 z - a potion of haste {unknown}
 A - 4 potions of brilliance {unknown}
 B - 4 potions of mutation {unknown}
 E - a potion of magic {unknown}
 I - a potion of berserk rage {unknown}
Books
 s - a manual of Earth Magic
 w - a manual of Bows


   Skills:
 + Level 9.1(8.8) Fighting
 * Level 13.4(13.0) Crossbows
 + Level 3.6(3.3) Armour
 + Level 5.9(5.6) Dodging
 + Level 4.1(3.9) Stealth


You had 9 spell levels left.
You didn't know any spells.
Your spell library contained the following spells:

 Spells                   Type           Power        Failure   Level
 Shock                    Conj/Air       #...         41%         1
 Swiftness                Air            #.......     56%         2
 Confusing Touch          Hex            #.......     80%         3
 Gell's Gravitas          Tloc           #.........   80%         3
 Static Discharge         Conj/Air       #.......     80%         3
 Airstrike                Air            #.........   99%         4
 Petrify                  Tmut/Erth      #.......     99%         4
 Lightning Bolt           Conj/Air       #.........   100%        5
 Metabolic Englaciation   Hex/Ice        #.........   100%        5
 Yara's Violent Unravell  Hex/Tmut       #.........   100%        5


Dungeon Overview and Level Annotations

Branches:
Dungeon (9/15)             Temple (1/1) D:7         Ossuary (visited)
   Lair: D:8-11         Orc: D:9-12

Altars:
Ashenzari
Cheibriados
Dithmenos
Elyvilon
Fedhas
Gozag
Hepliaklqana
Kikubaaqudgha
Makhleb
Nemelex Xobeh
Okawaru
Qazlal
Ru
Sif Muna
Trog
Uskayaw
Vehumet
Wu Jian
Xom
Yredelemnul
Zin
The Shining One

Shops:
D:4 (   D:5 *

Portals:
Ice
Cave: D:11

Annotations:
D:4 1 runed translucent door, YoungGLord's ghost, amateur GrEE


Innate Abilities, Weirdness & Mutations

You are small and have problems with some larger weapons.
You are completely attuned to the shadows.


Message History

You feel drained.
Firing (i - inventory)
d - 83 bolts (quivered)
Press: ? - help, Shift-Dir - straight line, f/p - rime drake
Aim: a rime drake (heavily wounded)
You shoot a bolt. The bolt hits the rime drake!
The rime drake is severely wounded.
The rime drake closely misses you.
The rime drake bites you but does no damage.
The wight misses you.
The rime drake bites you but does no damage.
Firing (i - inventory)
d - 82 bolts (quivered)
Press: ? - help, Shift-Dir - straight line, f/p - rime drake
Aim: a rime drake (severely wounded)
You shoot a bolt. The bolt hits the rime drake!
The rime drake is almost dead.
The ice encasing you melts away. The rime drake breathes ice at you.
The flash freeze hits you!!
Ouch! That really hurt!
You die...

##
.#.#######
..........
#......#.
#........
#........
####...####
.......#
≈≈≈..k@#
####.kz#
∩(...).##
..(..≈(.#
..(≈#.(.#
..≈#≈...#
..# ...z#
.≈ Z.s.


You could see 2 rime drakes and a wight.

Vanquished Creatures
  Psyche (D:8)
  5 yaks
  Grum (D:8)
  2 ice beasts
  A hornet zombie (Ossuary)
  2 ogres
  4 orc warriors
  2 phantoms
  2 sky beasts
  2 wolves (D:8)
  3 centaurs
  A gnoll sergeant (D:5)
  2 bullfrogs
  6 wights
  2 bullfrog zombies
  3 centaur zombies (Ossuary)
  A jelly (D:5)
  4 hounds
  A gnoll shaman (D:5)
  4 orc priests
  9 orc wizards
  A centaur skeleton (D:8)
  2 iguanas
  Natasha (twice) (D:3)
  7 worker ants
  A killer bee zombie (D:7)
  2 hound zombies (Ossuary)
  A hound skeleton (D:4)
  17 mummies (Ossuary)
  3 worker ant zombies
  4 howler monkey zombies
  14 gnolls
  11 adders
  A shadow imp (D:6)
  2 white imps
  2 oozes
  3 adder zombies (Ossuary)
  An adder skeleton (D:7)
  4 worms
  3 dart slugs
  6 leopard geckos
  26 orcs
  7 giant cockroaches
  9 goblins
  15 hobgoblins
  8 jackals
  7 kobolds
  8 quokkas
  10 bats
  4 frilled lizards
  2 giant cockroach zombies (Ossuary)
  A jackal skeleton (D:7)
  A jackal zombie (D:5)
  A kobold zombie (D:5)
  A quokka skeleton (D:4)
  7 rats
  A rat zombie (D:5)
253 creatures vanquished.

Vanquished Creatures (others)
  6 withered plants
6 creatures vanquished.

Grand Total: 259 creatures vanquished

Notes
Turn   | Place    | Note
-------+----------+-------------------------------------------
     0 | D:1      | funnypoop the Kobold Hunter began the quest for the Orb.
     0 | D:1      | Reached XP level 1. HP: 12/12 MP: 1/1
    80 | D:1      | Reached skill level 5 in Crossbows
   136 | D:1      | Reached XP level 2. HP: 14/17 MP: 2/2
   640 | D:1      | Reached XP level 3. HP: 21/21 MP: 3/3
   772 | D:1      | Reached skill level 6 in Crossbows
  1346 | D:2      | Reached XP level 4. HP: 27/27 MP: 4/4
  2537 | D:3      | Noticed Natasha
  2550 | D:3      | Killed Natasha
  2550 | D:3      | Reached XP level 5. HP: 12/31 MP: 5/5
  2849 | D:3      | Reached skill level 7 in Crossbows
  2856 | D:3      | Found a shimmering blue altar of Sif Muna.
  2989 | D:3      | Noticed Natasha
  3000 | D:3      | Killed Natasha
  3000 | D:3      | Reached skill level 1 in Armour
  3000 | D:3      | Reached XP level 6. HP: 37/37 MP: 6/6
  3615 | D:4      | Found a runed translucent door.
  3615 | D:4      | Noticed YoungGLord's ghost (amateur GrEE)
  3832 | D:4      | Noticed a phantom
  3840 | D:4      | Killed a phantom
  3840 | D:4      | Reached skill level 8 in Crossbows
  3840 | D:4      | Reached XP level 7. HP: 31/42 MP: 7/7
  4009 | D:4      | Found Biutrih's Weapon Shoppe.
  4018 | D:4      | Bought 21 bolts for 54 gold pieces
  4018 | D:4      | Bought 21 bolts for 54 gold pieces
  4018 | D:4      | Bought 14 bolts for 36 gold pieces
  4287 | D:5      | Entered Level 5 of the Dungeon
  4499 | D:5      | Found Rour Esch's General Store.
  4502 | D:5      | Bought 25 bolts for 65 gold pieces
  4524 | D:5      | Reached skill level 9 in Crossbows
  4524 | D:5      | Reached XP level 8. HP: 32/48 MP: 8/8
  4842 | D:5      | Found a sand-covered staircase.
  4858 | Ossuary  | Entered an ossuary
  4875 | Ossuary  | Reached skill level 5 in Fighting
  4923 | Ossuary  | Reached skill level 10 in Crossbows
  5306 | Ossuary  | Reached XP level 9. HP: 55/55 MP: 9/9
  5562 | D:5      | Reached skill level 11 in Crossbows
  6487 | D:6      | Got a warped leather armour
  6488 | D:6      | Identified the +0 leather armour of Least Resistance
                  | {Dex+3} (You found it on level 6 of the Dungeon)
  6715 | D:6      | Found a stormy altar of Qazlal.
  7318 | D:7      | Found a staircase to the Ecumenical Temple.
  7328 | Temple   | Entered the Ecumenical Temple
  7714 | D:7      | Reached skill level 12 in Crossbows
  7720 | D:7      | Reached XP level 10. HP: 63/64 MP: 10/10
  7733 | D:7      | Reached skill level 5 in Dodging
  8763 | D:8      | Noticed Psyche
  8766 | D:8      | Killed Psyche
  8926 | D:8      | Reached skill level 13 in Crossbows
  9472 | D:8      | Noticed Grum
  9480 | D:8      | Killed Grum
  9836 | D:9      | You fall into a shaft and drop 2 floors!
  9844 | D:11     | Found a frozen archway.
  9844 | D:11     | Noticed a rime drake
  9844 | D:11     | Noticed a rime drake
  9854 | D:11     | Killed from afar by a rime drake

Illustrated notes

Levels and vault maps discovered:
D:1:      lemuel_arrival_tunnels, layout_basic, minmay_pentomino_s2
D:2:      layout_basic, corner_web_ring, minmay_distorted
D:3:      layout_basic, tgw_sif, uniq_natasha
D:4:      layout_basic, gammafunk_ghost_grave, serial_shops, shop
D:5:      minmay_evil_eye, layout_cave_pools, gup_sewer_entry_bubbles,
          enter_ossuary_3, serial_shops, nicolae_shop_stone,
          minmay_manual_monstrance
D:6:      layout_loops_ring, kennysheep_little_box, grunt_decor_fettered,
          kennysheep_pointless_box, minivault_1
D:7:      layout_gridville, minmay_temple_entry_antechambers,
          minmay_manual_mares
D:8:      layout_loops_ring, mrwooster_statue_mirror, uniq_psyche, uniq_grum
D:9:      layout_rooms
D:11:     minmay_the_grid_triangle_9x9_rhombus_thin
          [minmay_the_grid_triangle_9x9_negative_grid,
          minmay_the_grid_triangle_9x9_prize_schism,
          minmay_the_grid_triangle_9x9_swiss_cheese,
          minmay_the_grid_triangle_9x9_longest], layout_layer_cave, david_orc_5,
          portal_ice_cave_rime
Temple:   roderic_octagonal_lattice_temple

Skill      XL: |  1  2  3  4  5  6  7  8  9 10 |
---------------+-------------------------------+-----
Crossbows      | 5 6 7 8 9 10 12 13 | 13.4
Fighting       | 3 4 5 7 9 |  9.1
Armour         | 1 2 3 |  3.6
Dodging        | 3 4 5 |  5.9
Stealth        | 2 3 4 |  4.1

Action                   |  1- 3 |  4- 6 |  7- 9 | 10-12 || total
-------------------------+-------+-------+-------+-------++-------
Melee: Hand crossbow     |       |       |       |     3 ||     3
 Fire: Hand crossbow     |    68 |   166 |   344 |   169 ||   747
  Use: Scroll            |       |     7 |     4 |     3 ||    14
Armor: Leather armour    |    10 |    27 |    27 |    18 ||    82
Dodge: Dodged            |    36 |    56 |   139 |    63 ||   294

Table legend: (Time is in decaauts)
 A = Elapsed time spent in this place.
 B = Non-inter-level travel time spent in this place.
 C = Inter-level travel time spent in this place.
 D = Time resting spent in this place.
 E = Time spent auto-exploring this place.
 F = Levels seen in this place.
 G = Mean time per level.
                   A        B        C        D        E       F      G
               +--------+--------+--------+--------+--------+-----+--------+
         Total |   9970 |   9733 |    237 |   1996 |   4050 |  12 |  830.8 |
       Dungeon |   8929 |   8692 |    237 |   1752 |   3705 |  10 |  892.9 |
        Temple |    380 |    380 |      0 |     64 |    282 |   1 |  380.0 |
       Ossuary |    660 |    660 |      0 |    180 |     63 |   1 |  660.0 |
               +--------+--------+--------+--------+--------+-----+--------+

Top non-repeatable levels by time:
     D:5: 1265 daAuts
     D:1: 1226 daAuts
     D:8: 1144 daAuts
     D:2: 1127 daAuts
     D:3: 1095 daAuts
     D:6: 1036 daAuts
     D:7: 986 daAuts
     D:4: 877 daAuts
 Ossuary: 660 daAuts
  Temple: 380 daAuts
     D:9: 151 daAuts
    D:11: 18 daAuts
